 Dungeon Crawl Stone Soup version 0.21.1-1-g345015f (webtiles) character file.

34 twistedcrescendo the Stinger (level 3, 0/22 HPs)
             Began as an Octopode Venom Mage on June 15, 2018.
             Succumbed to an adder's poison
             ... on level 1 of the Dungeon.
             The game lasted 00:15:34 (1226 turns).

twistedcrescendo the Stinger (Octopode Venom Mage)  Turns: 1226, Time: 00:15:34

Health: 0/22       AC:  1    Str:  7    XL:     3   Next: 31%
Magic:  4/6        EV: 13    Int: 18    God:
Gold:   78         SH:  0    Dex: 12    Spells: 3/6 levels left

rFire    . . .     SeeInvis .   (no weapon)
rCold    . . .     Gourm    .   (no shield)
rNeg     . . .     Faith    .   (helmet restricted)
rPois    .         Spirit   .   (no amulet)
rElec    .         Reflect  .   (no ring)
rCorr    .         Harm     .   (no ring)
MR       .....                  (no ring)
Stlth    +++.......             (no ring)
HPRegen  0.07/turn              (no ring)
MPRegen  0.10/turn              (no ring)
                                (no ring)
                                (no ring)

@: lethally poisoned (0 -> -3)
A: almost no armour, stealthy swim, amphibious, 8 rings, constrict 8, camouflage
1, gelatinous body 1
a: no special abilities


You were on level 1 of the Dungeon.
You were not hungry.

You visited 1 branch of the dungeon, and saw 2 of its levels.

You collected 78 gold pieces.

Inventory:

Scrolls
 c - 2 scrolls of magic mapping {unknown}
 h - a scroll of teleportation {unknown}
Potions
 d - 2 potions of agility {unknown}
 e - a potion of curing {unknown}
 g - a potion of haste
Books
 a - a Young Poisoner's Handbook

   Spells                             Type                      Level
   a - Sting                          Conjuration/Poison           1
   b - Poisonous Vapours              Poison/Air                   2
   c - Mephitic Cloud                 Conjuration/Poison/Air       3
   d - Olgreb's Toxic Radiance        Poison                       4
   e - Venom Bolt                     Conjuration/Poison           5
Comestibles
 b - 2 rations
 f - 4 chunks of flesh


   Skills:
 * Level 0.8 Fighting
 - Level 2.0 Dodging
 + Level 2.9 Stealth
 + Level 2.4 Spellcasting
 + Level 1.3 Conjurations
 + Level 0.2 Air Magic
 * Level 4.2 Poison Magic


You had 3 spell levels left.
You knew the following spells:

 Your Spells              Type           Power        Failure   Level  Hunger
a - Sting                 Conj/Pois      ##..         5%          1    #......
b - Poisonous Vapours     Pois/Air       ##....       11%         2    ##.....


Dungeon Overview and Level Annotations

Branches:
Dungeon (2/15)

Altars:


Innate Abilities, Weirdness & Mutations

You cannot wear most types of armour.
You are very stealthy in the water. (Stealth+)
You are amphibious.
You can wear up to eight rings at the same time.
You can use your tentacles to constrict eight enemies at once.
Your skin changes colour to match your surroundings (Stealth+).
Your rubbery body absorbs attacks. (AC +1, EV +1)


Message History

Press: ? - help, Shift-Dir - straight line, f/p - adder
Aim: an adder The sting hits the adder.
The adder is poisoned.
The adder is heavily wounded.
The hobgoblin barely misses you. The adder bites you.
You closely miss the adder. You grab the adder.
The adder is heavily wounded.
You constrict the adder. The adder bites you.
You are poisoned.
The adder poisons you! The hobgoblin misses you.
You tentacle-slap the hobgoblin but do no damage.
Your grab misses the hobgoblin.
You squeeze the hobgoblin, but do no damage.
You constrict the adder.
You feel sick. The adder closely misses you. The hobgoblin hits you.
* * * LOW HITPOINT WARNING * * *
You release your grip on the adder.
The hobgoblin hits you.
* * * LOW HITPOINT WARNING * * *
The adder misses you.
You die...

.#.#.....#
#..####.#
.........#
#..####.#
##.#.....#
#....##.#
###.....#
#.##.##.# #######
#.##.##.#
#...S...#
####g#### #####
#.# #...########@#
#####............#
........##########
####.#.## #...#
#####


You could see an adder and a hobgoblin.

Vanquished Creatures
  2 leopard geckos (D:1)
  A giant cockroach (D:1)
  10 goblins (D:1)
  3 hobgoblins (D:1)
  5 kobolds (D:1)
  3 frilled lizards (D:1)
  4 rats (D:1)
28 creatures vanquished.

Notes
Turn   | Place    | Note
-------+----------+-------------------------------------------
     0 | D:1      | twistedcrescendo the Octopode Venom Mage began the quest for the Orb.
     0 | D:1      | Reached XP level 1. HP: 11/11 MP: 3/3
   131 | D:1      | Reached skill level 4 in Poison Magic
   131 | D:1      | Reached XP level 2. HP: 17/17 MP: 1/5
   318 | D:1      | Learned a level 2 spell: Poisonous Vapours
   715 | D:1      | Reached XP level 3. HP: 19/22 MP: 0/6
  1224 | D:1      | HP: 1/22 [hobgoblin (3)]
  1226 | D:1      | Succumbed to an adder's poison

Skill      XL: |  1 |
---------------+----+-----
Poison Magic   | 4 |  4.2
Fighting       | |  0.8
Dodging        | |  2.0
Stealth        | |  2.9
Spellcasting   | |  2.4
Conjurations   | |  1.3
Air Magic      | |  0.2

Action                   || total
-------------------------++-------
Melee: Unarmed           ||    11
       Tentacles         ||     3
       Constrict         ||     4
 Cast: Sting             ||    43
       Poisonous Vapours ||     5
  Eat: Chunk             ||     2
Dodge: Dodged            ||    22
